 Dungeon Crawl Stone Soup version 0.31.0-11-ge490571c62 (webtiles) character file.

Game seed: 6364734344575076880

2136 ezpacito the Chopper (level 9, -7/102 HPs)
             Began as a Demonspawn Berserker on Jan 30, 2024.
             Was an Elder of Trog.
             Mangled by an orc warrior
             ... wielding a +0 battleaxe
              (10 damage)
             ... on level 6 of the Dungeon.
             The game lasted 00:11:01 (4837 turns).

ezpacito the Chopper (Demonspawn Berserker)         Turns: 4837, Time: 00:11:02

Health: -7/102     AC: 24    Str: 19 (20) XL:     9   Next: 9%
Magic:  0/9        EV:  2    Int:  7 (8)  God:    Trog [****..]
Gold:   642        SH:  0    Dex: 13 (14) Spells: 8/8 levels left

rFire   . . .        b - +4 war axe
rCold   + . .        e - orb {*Rage}
rNeg    . . .        d - melded +0 chain mail
rPois   +            (helmet currently unavailable)
rElec   .            (cloak currently unavailable)
rCorr   .            w - melded +2 pair of gloves
SInv    .            (boots currently unavailable)
Will    .....        c - amulet of guardian spirit
Stlth   ++           v - ring of protection from cold
HPRegen 0.37/turn    (no ring)
MPRegen 0.22/turn

%: random rage (20%), guardian spirit
@: tree-form, on berserk cooldown, slowed, very slow
A: stationary, stasis, torment immunity, boosted hp, (slimy green scales 2),
powered by death 1, magic regeneration, (demonic touch 1), (antennae 1),
deterioration 2, (fire resistance 1)
a: Renounce Religion, Berserk, Trog's Hand, Brothers in Arms


You were on level 6 of the Dungeon.
You worshipped Trog.
Trog was greatly pleased with you.
You were a tree.
You visited 2 branches of the dungeon, and saw 7 of its levels.
You also visited: Sewer.

You collected 954 gold pieces.
You spent 312 gold pieces at shops.

Inventory:

Hand Weapons
 b - a +4 war axe (weapon)
 f - a +3 short sword of venom
 h - a +0 dagger of draining
 m - a +0 sling
 n - a +0 hand axe of venom
 s - a +3 flail of venom
 t - a +1 whip of flaming
Missiles
 a - 3 poisoned darts
 g - 45 stones (quivered)
 k - 3 throwing nets
 p - a curare-tipped dart
 u - a boomerang
Armour
 d - a +0 chain mail (melded)
 e - an orb of wrath (worn)
 w - a +2 pair of gloves (melded)
Jewellery
 c - an amulet of guardian spirit (around neck)
 v - a ring of protection from cold (left branch)
Wands
 o - a wand of iceblast (6)
Scrolls
 i - 4 scrolls of teleportation
 j - 4 scrolls of identify
 y - 2 scrolls of noise
Potions
 l - a potion of attraction
 q - 5 potions of enlightenment


   Skills:
 * Level 5.1 Fighting
 * Level 7.4 Axes
 * Level 5.1 Armour
 * Level 3.6 Dodging
 * Level 3.3 Stealth
 * Level 3.1 Unarmed Combat


You had 8 spell levels left.
You didn't know any spells.
Your spell library contained the following spells:

 Spells                   Type           Power      Damage    Failure   Level
 Apportation              Tloc           0%         N/A       43%         1
 Necrotise                Necr           0%         1d4       43%         1
 Sting                    Conj/Alch      0%         1d3       43%         1
 Summon Small Mammal      Summ           0%         N/A       43%         1
 Summon Ice Beast         Ice/Summ       0%         N/A       80%         3
 Tukima's Dance           Hex            0%         N/A       80%         3
 Dimensional Bullseye     Hex/Tloc       0%         N/A       99%         4
 Iskenderun's Mystic Bla  Conj/Tloc      0%         2d3       99%         4
 Summon Mana Viper        Hex/Summ       0%         N/A       100%        5
 Monstrous Menagerie      Summ           0%         N/A       100%        7


Dungeon Overview and Level Annotations

Branches:
Dungeon (6/15)             Temple (1/1) D:5           Sewer (visited)

Altars:
Ashenzari
Cheibriados
Dithmenos
Fedhas
Gozag
Hepliaklqana
Makhleb
Nemelex Xobeh
Okawaru
Qazlal
Ru
Sif Muna
Trog
Uskayaw
Vehumet
Wu Jian
Xom

Shops:
D:4 [[   D:6 *[*(=

Annotations:
D:4 2 transporters, yentook's ghost, amateur DrBe


Innate Abilities, Weirdness & Mutations

You are a tree.
Your roots penetrate the ground, keeping you stationary.
You cannot be teleported.
You are immune to unholy pain and torment.
Your maximum health is greatly increased.
Your equipment is partially melded.
((You are mostly covered in slimy green scales. (AC +3)))
You regenerate a little health from kills.
You regenerate magic rapidly.
((Your touch may inflict minor irresistible damage on your foes.))
((You have a pair of small antennae on your head.))
Your body often deteriorates upon taking damage.
((Your flesh is heat resistant. (rF+)))


Message History

You feel yourself slow down.
The orc warrior attacks as it pursues you!
The orc warrior hits you but does no damage.
The orc warrior barely misses you.
The orc warrior attacks as it pursues you!
The orc warrior barely misses you.
The orc warrior hits you with a +0 battleaxe!
* * * LOW HITPOINT WARNING * * *
Your body deteriorates!
You feel dopey.
You're still recovering from your berserk rage.
You slash the orc warrior!
The orc warrior is moderately wounded.
The orc warrior hits you with a +0 battleaxe!
* * * LOW HITPOINT WARNING * * *
The orc warrior closely misses you.
Unknown command.
The orc warrior attacks as it pursues you!
The orc warrior hits you but does no damage.
You feel better.
The orc warrior hits you but does no damage.
The orc warrior hits you with a +0 battleaxe!
* * * LOW HITPOINT WARNING * * *
Your body deteriorates!
You feel weakened.
Unknown command.
Okay, then.
The air fills with toxic fumes!
As you read the scroll of poison, it crumbles to dust.
The orc warrior barely misses you.
You hit the orc warrior.
The orc warrior is moderately wounded.
The orc warrior barely misses you. x2
Unknown command.
You turn into a tree.
Your +2 pair of gloves melds into your body.
Your +0 chain mail melds into your body.
Your roots penetrate the ground.
The orc warrior hits you with a +0 battleaxe.
* * * LOW HITPOINT WARNING * * *
The orc warrior hits you with a +0 battleaxe!
You die...

###############≈...#
)............##≈...#
#######.......'...†#
#.......#≈.$.$...(.
#.......#{≈.......≈
#..§§...##≈≈....≈≈≈
#..§§§§####≈≈S≈≈≈##
#..§§§§§Yo########
#......###♣#
#.####.# #§# #.# #.#
#§# #.# #.# #§# #.#
#.# #§#######
#.####.# #§§.....#
#[.....# #######.#
######## #.# #.#


You could see an orc warrior and a sky beast.

Vanquished Creatures
  Prince Ribbit (D:5)
  Eustachio (D:5)
  2 ice beasts
  An ogre (D:4)
  A centaur (D:4)
  3 phantoms
  2 kobold brigands
  5 scorpions
  A jelly (D:5)
  2 bombardier beetles (D:5)
  7 hounds
  2 gnoll boudas (D:4)
  An orc priest (D:4)
  A sleepcap (D:6)
  2 iguanas
  An orc wizard (D:4)
  15 gnolls (D:4)
  2 adders
  A river rat (Sewer)
  A shadow imp (D:5)
  3 ribbon worms
  2 dart slugs (D:1)
  28 orcs
  7 bats
  4 endoplasms
  A giant cockroach (D:3)
  4 goblins
  4 hobgoblins
  17 jackals
  10 kobolds
  3 quokkas
  3 ball pythons
  6 rats
144 creatures vanquished.

Vanquished Creatures (others)
  A white imp (D:6)
1 creature vanquished.

Grand Total: 145 creatures vanquished

Notes
Turn   | Place    | Note
-------+----------+-------------------------------------------
     0 | D:1      | ezpacito the Demonspawn Berserker began the quest for the
                  | Orb.
     0 | D:1      | Reached XP level 1. HP: 18/18 MP: 1/1
   442 | D:1      | Gained mutation: You regenerate magic rapidly. [demonic
                  | ancestry]
   442 | D:1      | Reached XP level 2. HP: 19/24 MP: 2/2
   584 | D:1      | Reached skill level 3 in Axes
  1311 | D:2      | Found a faded altar of an unknown god.
  1435 | D:2      | Gained mutation: You regenerate a little health from kills.
                  | [demonic ancestry]
  1435 | D:2      | Reached XP level 3. HP: 29/29 MP: 3/3
  1503 | D:2      | Identified a scroll of acquirement
  1503 | D:2      | Acquired 505 gold pieces
  1554 | D:3      | Reached ** piety under Trog
  1577 | D:3      | Noticed a phantom
  1589 | D:3      | Killed a phantom
  1590 | D:3      | Reached skill level 1 in Stealth
  1590 | D:3      | Gained mutation: Your touch may inflict minor irresistible
                  | damage on your foes. [demonic ancestry]
  1590 | D:3      | Reached XP level 4. HP: 35/35 MP: 4/4
  1624 | D:3      | Found a glowing drain.
  1642 | Sewer    | Entered a sewer
  1725 | Sewer    | Noticed a kobold brigand
  1733 | Sewer    | Reached XP level 5. HP: 26/41 MP: 5/5
  1737 | Sewer    | Reached skill level 4 in Axes
  1737 | Sewer    | Reached skill level 1 in Unarmed Combat
  1740 | Sewer    | Gained mutation: You are agile. (Dex +4, Str/Int -1)
                  | [potion of mutation]
  1740 | Sewer    | Gained mutation: You are weak. (Str -2) [potion of
                  | mutation]
  1740 | Sewer    | Gained mutation: You have a pair of small antennae on your
                  | head. [potion of mutation]
  1740 | Sewer    | Gained mutation: You have large cloven feet. [potion of
                  | mutation]
  1899 | Sewer    | Lost mutation: You are agile. (Dex +4, Str/Int -1) [potion
                  | of mutation]
  1899 | Sewer    | Lost mutation: You are weak. (Str -2) [potion of mutation]
  1899 | Sewer    | Lost mutation: You have large cloven feet. [potion of
                  | mutation]
  1899 | Sewer    | Gained mutation: Your body sometimes deteriorates upon
                  | taking damage. [potion of mutation]
  1899 | Sewer    | Gained mutation: Your flesh is heat resistant. (rF+)
                  | [potion of mutation]
  1899 | Sewer    | Gained mutation: Your body often deteriorates upon taking
                  | damage. [potion of mutation]
  2283 | D:4      | Noticed a phantom
  2303 | D:4      | Killed a phantom
  2304 | D:4      | Reached XP level 6. HP: 39/47 MP: 4/6
  2339 | D:4      | Found a transporter.
  2339 | D:4      | Noticed yentook's ghost (amateur DrBe)
  2347 | D:4      | Found a transporter.
  2434 | D:4      | Reached skill level 5 in Axes
  2485 | D:4      | Found Enioj's Armour Boutique.
  2499 | D:4      | Found Gacu's Antique Armour Shop.
  2634 | D:4      | Found Lomainyedgh's Magic Scroll Boutique.
  2642 | D:4      | Bought a scroll of teleportation for 36 gold pieces
  2642 | D:4      | Bought a scroll of teleportation for 36 gold pieces
  2642 | D:4      | Bought a scroll of teleportation for 36 gold pieces
  2642 | D:4      | Bought a scroll of teleportation for 36 gold pieces
  2642 | D:4      | Bought a scroll of identify for 24 gold pieces
  2642 | D:4      | Bought a scroll of identify for 24 gold pieces
  2642 | D:4      | Bought a scroll of identify for 24 gold pieces
  2642 | D:4      | Bought a scroll of identify for 24 gold pieces
  2642 | D:4      | Bought a scroll of identify for 24 gold pieces
  2642 | D:4      | Bought a scroll of amnesia for 48 gold pieces
  2723 | D:4      | Reached XP level 7. HP: 51/53 MP: 7/7
  2761 | D:4      | Reached *** piety under Trog
  3128 | D:4      | Reached skill level 6 in Axes
  3173 | D:4      | Reached **** piety under Trog
  3231 | D:4      | Gained mutation: You are partially covered in slimy green
                  | scales. (AC +2) [demonic ancestry]
  3231 | D:4      | Reached XP level 8. HP: 38/61 MP: 5/8
  3488 | D:5      | Entered Level 5 of the Dungeon
  3519 | D:5      | Noticed Eustachio
  3534 | D:5      | Killed Eustachio
  3895 | D:5      | Found a staircase to the Ecumenical Temple.
  3953 | Temple   | Entered the Ecumenical Temple
  4095 | D:5      | Noticed Prince Ribbit
  4135 | D:5      | Killed Prince Ribbit
  4136 | D:5      | Reached skill level 7 in Axes
  4376 | D:6      | Reached skill level 5 in Fighting
  4390 | D:6      | Reached skill level 5 in Armour
  4467 | D:6      | Gained mutation: You are mostly covered in slimy green
                  | scales. (AC +3) [demonic ancestry]
  4467 | D:6      | Reached XP level 9. HP: 46/68 MP: 9/9
  4671 | D:6      | Found a burning altar of Makhleb.
  4671 | D:6      | Found a blossoming altar of Fedhas.
  4730 | D:6      | Found Haal Yll's Jewellery Boutique.
  4733 | D:6      | Found Beiskeoq's Weapon Shop.
  4734 | D:6      | Found Geyt Zuwk's Antique Armour Shoppe.
  4735 | D:6      | Found Xeanuate's Assorted Antiques.
  4735 | D:6      | Found Qesedanupp's General Store.
  4745 | D:6      | Identified the +2 helmet of Makhleb's Envy {-Tele Rampage
                  | Int+7}
  4837 | D:6      | HP: 3/102 [orc warrior/+0 battleaxe (5)]
  4837 | D:6      | Mangled by an orc warrior

Illustrated notes

Levels and vault maps discovered:
D:1:      minmay_arrival_diagonal_passages, layout_rooms
D:2:      layout_basic, basic_ecumenical_altar
D:3:      layout_rooms, cheibrodos_sewer_entry_bend,
          minmay_misc_feat_four_crosses
D:4:      lemuel_castle_with_subvaults [lemuel_castle_interior_original],
          layout_rooms, gammafunk_ghost_stat_death, serial_shops, shop,
          nicolae_shop_stone, shop
D:5:      layout_rooms, minmay_temple_entry_enclosed_plants,
          uniq_prince_ribbit1, uniq_eustachio
D:6:      layout_basic, gammafunk_temple_overflow_pools,
          nicolae_wooded_promenade, kennysheep_potato
Temple:   minmay_temple_bridge_d

Skill      XL: |  1  2  3  4  5  6  7  8 |
---------------+-------------------------+-----
Axes           | 3 4 5 6 7 |  7.4
Armour         | 2 3 5 |  5.1
Dodging        | 2 3 |  3.6
Stealth        | 1 2 3 |  3.3
Unarmed Combat | 1 2 3 |  3.1
Fighting       | 4 5 |  5.1

Action                     |  1- 3 |  4- 6 |  7- 9 || total
---------------------------+-------+-------+-------++-------
  Melee: Hand axe          |    41 |       |       ||    41
         War axe           |    44 |   126 |   188 ||   358
 Invoke: Berserk           |     1 |     1 |     1 ||     3
    Use: Scroll            |     4 |     6 |    10 ||    20
         Potion            |       |     2 |     7 ||     9
 Armour: Chain mail        |    73 |   126 |   291 ||   490
         Animal skin       |    15 |       |       ||    15
         Skin              |       |       |     2 ||     2
  Dodge: Dodged            |    61 |    70 |   159 ||   290
